 Dungeon Crawl Stone Soup version 0.25-a0-388-g41a7e554cb (webtiles) character file.

Game seed: 18120525055275987746, levelgen mode: deterministic

476 Borgoz the Covered (level 7, -6/44 HPs)
             Began as a Gargoyle Fighter on Jan 7, 2020.
             Was a Follower of Okawaru.
             Mangled by an ogre
             ... wielding a +0 giant club
              (23 damage)
             ... on level 4 of the Dungeon.
             The game lasted 00:03:58 (3062 turns).

Borgoz the Covered (Gargoyle Fighter)               Turns: 3062, Time: 00:03:58

Health: -6/44      AC: 12    Str: 20    XL:     7   Next: 10%
Magic:  8/8        EV:  8    Int:  9    God:    Okawaru [*.....]
Gold:   162        SH:  9    Dex: 10    Spells: 6/6 levels left

rFire    . . .     SeeInvis .   a - +0 flail
rCold    . . .     Gourm    .   c - +0 shield
rNeg     + . .     Faith    .   b - +0 scale mail
rPois    ∞         Spirit   .   (no helmet)
rElec    +         Reflect  .   (no cloak)
rCorr    .         Harm     .   (no gloves)
MR       .....                  (no boots)
Stlth    ..........             (no amulet)
HPRegen  0.14/turn              (no ring)
MPRegen  0.11/turn              (no ring)

@: no status effects
A: negative energy resistance 1, electricity resistance, unbreathing,
petrification resistance, rot immunity, AC +4
a: Heroism, Renounce Religion


You were on level 4 of the Dungeon.
You worshipped Okawaru.
Okawaru was aware of your devotion.
You were not hungry.

You visited 1 branch of the dungeon, and saw 4 of its levels.

You collected 162 gold pieces.

Inventory:

Hand Weapons
 a - a +0 flail (weapon)
Armour
 b - a +0 scale mail (worn)
 c - a +0 shield (worn)
Jewellery
 q - a +2 ring of dexterity
Scrolls
 d - a scroll of immolation {unknown}
 e - 2 scrolls of enchant weapon {unknown}
 g - a scroll of amnesia {unknown}
 h - a scroll of teleportation {unknown}
 m - 4 scrolls of identify {unknown}
 n - a scroll of fear {unknown}
 o - a scroll of blinking {unknown}
Potions
 i - a potion of agility {unknown}
 j - a potion of brilliance {unknown}
 l - a potion of heal wounds {unknown}
 p - 2 potions of curing {unknown}
Comestibles
 f - 4 rations


   Skills:
 + Level 4.5 Fighting
 * Level 4.4 Maces & Flails
 + Level 4.5 Armour
 + Level 1.9 Dodging
 + Level 4.4 Shields
 + Level 2.2 Invocations


You had 6 spell levels left.
You didn't know any spells.
Your spell library contained the following spells:

 Spells                   Type           Power        Failure   Level  Hunger
 Confusing Touch          Hex            #.....       99%         1    ##.....
 Confuse                  Hex            #.......     100%        3    ####...
 Gell's Gravitas          Tloc           #.........   100%        3    ####...
 Petrify                  Tmut/Erth      #.......     100%        4    #####..
 Metabolic Englaciation   Hex/Ice        #.........   100%        5    ######.
 Yara's Violent Unravell  Hex/Tmut       #.........   100%        5    ######.


Dungeon Overview and Level Annotations

Branches:
Dungeon (4/15)
 Temple: D:4-7

Altars:
Gozag
Okawaru
Zin

Annotations:
D:4 3 runed translucent doors, Guilu's ghost, novice DsAK


Innate Abilities, Weirdness & Mutations

You are resistant to torment.
Your stone body is resilient. (AC +4)
You are immune to poison.
You resist negative energy. (rN+)
You are resistant to electric shocks. (rElec)
You can survive without breathing.
You are immune to petrification.
You are immune to rotting.


Message History

Your shield prevents you from hitting the ogre.
The ogre is moderately wounded.
The ogre hits you with a +0 giant club!!
Ouch! That really hurt!
You are too injured to fight recklessly!
You are too injured to fight recklessly!
You are too injured to fight recklessly!
You are too injured to fight recklessly!
You are too injured to fight recklessly!
You are too injured to fight recklessly!
You are too injured to fight recklessly!
You are too injured to fight recklessly!
You are too injured to fight recklessly!
You are too injured to fight recklessly!
You are too injured to fight recklessly!
You sock the ogre!
The ogre is almost dead.
The ogre hits you with a +0 giant club!!
Ouch! That really hurt!
You die...

#####.. #..# ##.....##
#..#######.
##.......###........^.
#.........##.#...####
+.........+..)....#
#.........##.#...##
#.......# #.##.##
#..O..# #.....# #.@.#
#####.# ##'## #.# #.#
#.# #.# #.# ##.## #.#
##...## #.# #.....#
#.# ##...#########.#
#####.#..........#


You could see an ogre.

Vanquished Creatures
  Sigmund (D:3)
  A phantom (D:3)
  Robin (D:3)
  A gnoll (D:1)
  9 adders
  An ooze (D:1)
  A worm (D:3)
  3 dart slugs
  7 leopard geckos
  3 orcs
  7 giant cockroaches
  15 goblins
  11 hobgoblins
  11 jackals
  9 kobolds
  A quokka (D:3)
  A ball python (D:1)
  8 bats
  8 frilled lizards
  5 rats
104 creatures vanquished.

Notes
Turn   | Place    | Note
-------+----------+-------------------------------------------
     0 | D:1      | Borgoz the Gargoyle Fighter began the quest for the Orb.
     0 | D:1      | Reached XP level 1. HP: 14/14 MP: 1/1
    16 | D:1      | Reached XP level 2. HP: 18/19 MP: 2/2
   124 | D:1      | Reached XP level 3. HP: 19/23 MP: 3/3
   825 | D:2      | Reached XP level 4. HP: 27/29 MP: 4/4
   873 | D:2      | Reached skill level 1 in Dodging
   887 | D:2      | Found an iron altar of Okawaru.
   902 | D:2      | Became a worshipper of Warmaster Okawaru
  1430 | D:3      | Reached XP level 5. HP: 29/33 MP: 5/5
  1582 | D:3      | Reached skill level 1 in Invocations
  1623 | D:3      | Noticed Sigmund
  1685 | D:3      | Killed Sigmund
  1685 | D:3      | Reached * piety under Okawaru
  1685 | D:3      | Reached XP level 6. HP: 9/38 MP: 5/7
  1947 | D:3      | Noticed Robin
  1975 | D:3      | Killed Robin
  2222 | D:3      | Found a glowing silver altar of Zin.
  2290 | D:3      | Noticed a phantom
  2333 | D:3      | Killed a phantom
  2649 | D:3      | Reached XP level 7. HP: 44/44 MP: 8/8
  2991 | D:4      | Found a runed translucent gate.
  2992 | D:4      | Found a runed translucent gate.
  2993 | D:4      | Found a runed translucent gate.
  2994 | D:4      | Found an opulent altar of Gozag.
  2994 | D:4      | Noticed a two-headed ogre
  2995 | D:4      | Noticed Guilu's ghost (novice DsAK)
  3062 | D:4      | Mangled by an ogre

Levels and vault maps discovered:
D:1:      lightli_iron_boxes, layout_rooms, serial_bayou_lake_a
D:2:      layout_basic, okawaru_metal_pillars_3
D:3:      minmay_razor_zed, layout_basic, lemuel_round_altar, first_ration,
          uniq_sigmund, uniq_robin
D:4:      layout_loops_corners, ebering_ghost_gozag, dk_noncrumbling_4

Skill      XL: |  1  2  3  4  5  6 |
---------------+-------------------+-----
Maces & Flails | 3 4 |  4.4
Dodging        | 1 |  1.9
Fighting       | 4 |  4.5
Invocations    | 1 2 |  2.2
Armour         | 4 |  4.5
Shields        | 4 |  4.4

Action                   |  1- 3 |  4- 6 |  7- 9 || total
-------------------------+-------+-------+-------++-------
Melee: Flail             |   150 |   226 |    68 ||   444
  Use: Potion            |     1 |     2 |       ||     3
  Eat: Chunk             |       |     6 |     2 ||     8
Armor: Scale mail        |    96 |   176 |    38 ||   310
       Skin              |       |    80 |       ||    80
Dodge: Dodged            |    62 |   109 |    20 ||   191
Block: Shield            |    88 |   194 |    36 ||   318

Table legend:
 A = Non-vault XP
 B = Vault XP
 C = Vault XP percentage of total XP
 D = Non-vault monster count
 E = Vault monster count
 F = Vault count percentage of total count
                 A         B        C        D         E       F
            +---------+---------+-------+---------+---------+-------
      Total |     358 |     323 |  47.4 |      77 |      27 |  26.0
            +---------+---------+-------+---------+---------+-------
        D:1 |      68 |       0 |   0.0 |      26 |       0 |   0.0
        D:2 |      85 |       2 |   2.3 |      29 |       1 |   3.3
        D:3 |     184 |     321 |  63.6 |      18 |      26 |  59.1
        D:4 |      21 |       0 |   0.0 |       4 |       0 |   0.0
            +---------+---------+-------+---------+---------+-------
